 Dungeon Crawl Stone Soup version 0.27-a0-869-g165b36e3f0 (webtiles) character file.

Game seed: 10747815290236602892

88 bronco the Slasher (level 4, -2/34 HPs)
             Began as a Demonspawn Gladiator on Apr 2, 2021.
             Slain by a goblin
             ... wielding a +0 dagger
             ... led by Robin
              (4 damage)
             ... on level 2 of the Dungeon.
             The game lasted 00:03:53 (1584 turns).

bronco the Slasher (Demonspawn Gladiator)           Turns: 1584, Time: 00:03:54

Health: -2/34      AC:  4    Str: 15    XL:     4   Next: 30%
Magic:  4/4        EV: 12    Int:  9    God:
Gold:   102        SH:  0    Dex: 15    Spells: 3/3 levels left

rFire    . . .     SeeInvis .   a - +0 long sword
rCold    . . .     Faith    .   (no shield)
rNeg     . . .     Spirit   .   b - +0 leather armour
rPois    .         Reflect  .   c - +0 helmet
rElec    .         Harm     .   (no cloak)
rCorr    .         Rampage  .   (no gloves)
Will     .....                  (no boots)
Stlth    +.........             (no amulet)
HPRegen  0.11/turn              (no ring)
MPRegen  0.09/turn              (no ring)

@: very slightly contaminated, slowed, invisible, very slow
A: talons 1
a: no special abilities


You were on level 2 of the Dungeon.
You visited 1 branch of the dungeon, and saw 2 of its levels.

You collected 102 gold pieces.

Inventory:

Hand Weapons
 a - a +0 long sword (weapon)
Missiles
 j - 24 stones (quivered)
 m - 19 arrows
Armour
 b - a +0 leather armour (worn)
 c - a +0 helmet (worn)
Scrolls
 g - 2 scrolls of teleportation {unknown}
 h - 3 scrolls of identify {unknown}
 k - 2 scrolls of enchant armour {unknown}
Potions
 e - a potion of invisibility
 f - a potion of heal wounds {unknown}
 i - a potion of might {unknown}
 l - a potion of attraction {unknown}
 n - a potion of curing {unknown}


   Skills:
 + Level 2.3 Fighting
 + Level 3.6 Long Blades
 + Level 1.8 Throwing
 + Level 1.1 Armour
 + Level 3.3 Dodging
 + Level 0.6 Stealth


You had 3 spell levels left.
You didn't know any spells.
Your spell library was empty.

Dungeon Overview and Level Annotations

Branches:
Dungeon (2/15)

Altars:

Annotations:
D:2 1 runed translucent door, Crazy Yiuf


Innate Abilities, Weirdness & Mutations

You have sharp toenails.


Message History

Your Armour skill increases to level 1!
The goblin no longer looks unusually strong.
The goblin hits you with a +0 dagger.
The hobgoblin no longer looks unusually strong.
Jessica points at you and mumbles some strange words.
You feel yourself slow down.
Throw: throwing net
Press: ? - help, Q - select action, (/) - cycle Shift-Dir - straight line, f - Jessica
Aim: Jessica, wielding a +0 club and wearing a +2 robe of fire resistance (almost dead, 59% to hit)
You throw a throwing net. The throwing net hits Jessica.
Jessica is caught in the net!
Jessica is almost dead.
The goblin no longer looks unusually strong.
Jessica struggles against the net.
The goblin hits you but does no damage.
Jessica struggles against the net.
Jessica gestures at you while chanting. Pain shoots through your body!
* * * LOW HITPOINT WARNING * * *
Jessica struggles against the net.
The goblin hits you with a +0 dagger.
* * * LOW HITPOINT WARNING * * *
Jessica struggles against the net.
Jessica struggles against the net.
The goblin barely misses you.
Jessica struggles against the net.
The net rips apart, and Jessica comes free!
Jessica closely misses you.
You riposte.
You hit Jessica.
You kill Jessica!
You have reached level 4!
You feel agile. The goblin hits you with a +0 dagger.
* * * LOW HITPOINT WARNING * * *
Found a whip.
Items here: ) ? [ †.
It was a potion of invisibility.
You fade into invisibility!
The goblin barely misses you.
You are very lightly contaminated with residual magic.
You miss the goblin. The goblin hits you with a +0 dagger.
* * * LOW HITPOINT WARNING * * *
The goblin hits you with a +0 dagger.
You die...

#.#### ...... . #.#
....### .#.####.## #.
..##.# ......†..# #.. .
##. #.# .........# #..
.. .........# #.##.#.
##
.........###......).##
.........).(..###....##
..........)..gg@.......
.........###.g###....##
.........###..# .###
.............# #
#.####.#####.# #. ...
..# ###. ### #. ##


You could see a hobgoblin and 2 goblins.

Vanquished Creatures
  Jessica (D:2)
  Robin (D:2)
  A dart slug (D:2)
  3 endoplasms (D:1)
  A giant cockroach (D:1)
  6 hobgoblins
  4 quokkas
  6 ball pythons
  5 bats
  A frilled lizard (D:2)
  13 goblins
  A kobold (D:2)
  5 rats (D:1)
48 creatures vanquished.

Notes
Turn   | Place    | Note
-------+----------+-------------------------------------------
     0 | D:1      | bronco the Demonspawn Gladiator began the quest for the
                  | Orb.
     0 | D:1      | Reached XP level 1. HP: 16/16 MP: 1/1
    67 | D:1      | Found a faded altar of an unknown god.
   345 | D:1      | Gained mutation: You have sharp toenails. [demonic
                  | ancestry]
   345 | D:1      | Reached XP level 2. HP: 22/22 MP: 2/2
  1270 | D:2      | Reached XP level 3. HP: 27/27 MP: 3/3
  1375 | D:2      | Found a runed translucent door.
  1376 | D:2      | Noticed Crazy Yiuf
  1558 | D:2      | Noticed Robin
  1560 | D:2      | Noticed Jessica
  1571 | D:2      | Killed Robin
  1572 | D:2      | Reached skill level 1 in Armour
  1581 | D:2      | Killed Jessica
  1582 | D:2      | Reached XP level 4. HP: 5/34 MP: 4/4
  1584 | D:2      | Slain by a goblin

Illustrated notes

Levels and vault maps discovered:
D:1:      nicolae_arrival_somewhat_less_tricky_arrival, layout_loops_corners,
          chequers_ecumenical_altar_simple, chequers_serial_rivers_small_3
D:2:      layout_loops_ring, uniq_robin, uniq_jessica, uniq_crazy_yiuf_cottage

Skill      XL: |  1  2  3 |
---------------+----------+-----
Long Blades    | 3 |  3.6
Dodging        | 3 |  3.3
Armour         | 1 |  1.1
Fighting       | |  2.3
Throwing       | |  1.8
Stealth        | |  0.6

Action                   |  1- 3 |  4- 6 || total
-------------------------+-------+-------++-------
Melee: Long sword        |    82 |     1 ||    83
       Kick              |    18 |       ||    18
Throw: Throwing net      |     3 |       ||     3
  Use: Potion            |       |     1 ||     1
 Stab: Sleeping          |     2 |       ||     2
Armor: Leather armour    |    34 |       ||    34
Dodge: Dodged            |    55 |     1 ||    56
       Rpst.: Long sword |    19 |       ||    19

Table legend: (Time is in decaauts)
 A = Elapsed time spent in this place.
 B = Non-inter-level travel time spent in this place.
 C = Inter-level travel time spent in this place.
 D = Time resting spent in this place.
 E = Time spent auto-exploring this place.
 F = Levels seen in this place.
 G = Mean time per level.
                   A        B        C        D        E       F      G
               +--------+--------+--------+--------+--------+-----+--------+
         Total |   1611 |   1584 |     27 |      0 |   1337 |   2 |  805.5 |
       Dungeon |   1611 |   1584 |     27 |      0 |   1337 |   2 |  805.5 |
               +--------+--------+--------+--------+--------+-----+--------+

Top non-repeatable levels by time:
     D:1: 1088 daAuts
     D:2: 523 daAuts
